AoeStats
← 養成計畫

Arena

510382978Analyzed
2v2 RM · 13h ago on Sep 30, 2026· 42m 33s· 4 players
Game mode
Random Map
Map size
Medium (4 player)
Population
200
Speed
Normal
Resources
Standard
Victory
Conquest
Starting age
Dark Age
Ending age
Imperial Age
RankedLock teamsTeams togetherTeam positionsShared explorationLock speedFull tech treeHidden civsTurbo modeCheats
Victory
Defeat
🇮🇹 Dravidians · Italy
1117
+14
🇺🇸 Poles · United States
1092
+14
🇦🇷 Saxons · Argentina
1065
-14
🇦🇷 Poles · Argentina
1065
-14
Lannister
7:54 Loom
10:52 Feudal Age
14:58 Castle Age
13:26 Double-Bit Axe
13:29 Horse Collar
18:07 Bow Saw
18:08 Heavy Plow
19:40 Gold Mining
21:24 Wheelbarrow
24:25 Scale Mail Armor
24:36 Forging
27:55 Imperial Age
25:49 Hand Cart
25:27 Stone Mining
27:01 Chain Mail Armor
27:22 Iron Casting
27:41 Stone Shaft Mining
30:52 Blast Furnace
29:59 Scale Barding Armor
30:26 Plate Mail Armor
30:28 Crop Rotation
30:32 Treadmill Crane
32:08 Conscription
32:09 Lechitic Legacy
31:58 Szlachta Privileges
31:18 Elite Obuch
32:27 Lechitic Legacy
32:39 Chain Barding Armor
33:07 Plate Mail Armor
33:17 Hoardings
33:04 Bloodlines
32:56 Husbandry
33:10 Cavalier
34:28 Light Cavalry
養成計畫
10:35 Feudal Age
12:20 Double-Bit Axe
15:06 Castle Age
13:10 Stone Mining
14:16 Loom
20:14 Horse Collar
22:07 Scale Mail Armor
22:19 Forging
22:36 Bow Saw
22:30 Heavy Plow
23:31 Squires
24:24 Arson
24:58 Gold Mining
25:29 Chain Mail Armor
28:27 Iron Casting
27:46 Fletching
37:36 Imperial Age
35:50 Wheelbarrow
37:01 Gold Shaft Mining
38:59 Conscription
38:53 Pikeman
38:55 Elite Varangian Guard
40:22 Plate Mail Armor
39:48 Bodkin Arrow
39:54 Padded Archer Armor
40:32 Halberdier
shemirage
10:38 Feudal Age
14:27 Castle Age
12:35 Horse Collar
12:55 Double-Bit Axe
15:47 Heavy Plow
17:09 Bow Saw
16:51 Loom
20:11 Wheelbarrow
21:06 Hand Cart
25:15 Scale Barding Armor
25:20 Forging
26:46 Chain Barding Armor
30:10 Imperial Age
27:47 Treadmill Crane
29:21 Iron Casting
29:15 Fortified Wall
29:57 Szlachta Privileges
30:48 Husbandry
31:14 Conscription
31:06 Bloodlines
30:18 Cavalier
33:13 Blast Furnace
Karel12
2:36 Loom
10:01 Feudal Age
10:42 Double-Bit Axe
10:51 Gold Mining
11:43 Wheelbarrow
11:02 Horse Collar
11:39 Man-at-Arms
13:24 Stone Mining
20:05 Castle Age
18:27 Forging
20:13 Long Swordsman
20:45 Gambesons
21:46 Iron Casting
22:17 Squires
22:21 Scale Mail Armor
23:16 Hand Cart
24:57 Bow Saw
25:41 Heavy Plow
27:45 Chain Mail Armor
34:29 Imperial Age
35:20 Ballistics
34:50 Heated Shot
34:30 Two-Handed Swordsman
36:16 Blast Furnace
35:47 Plate Mail Armor
35:42 Conscription
38:50 Champion
Connection lost

Rejoining the realm…

Still unreachable

The connection could not be restored.

Session expired

The server has moved on; the page needs a fresh start.